 Dungeon Crawl Stone Soup version 0.28.0-53-g5a82cb258f (webtiles) character file.

Game seed: 13644857642816748280

105 Qrupt the Poker (level 4, -4/35 HPs)
             Began as a Merfolk Gladiator on July 17, 2022.
             Was a Follower of the Shining One.
             Slain by Grinder (5 damage)
             ... while paralysed by Grinder
             ... on level 3 of the Dungeon.
             The game lasted 00:03:20 (2645 turns).

Qrupt the Poker (Merfolk Gladiator)                 Turns: 2645, Time: 00:03:21

Health: -4/35      AC:  7    Str: 16    XL:     4   Next: 83%
Magic:  4/4        EV:  2    Int:  7    God:    the Shining One [*.....]
Gold:   119        SH:  0    Dex: 15    Spells: 3/3 levels left

rFire   . . .      SeeInvis .   a - +0 trident
rCold   . . .      Faith    .   (no shield)
rNeg    . . .      Spirit   .   b - +0 leather armour
rPois   .          Reflect  .   c - +0 helmet
rElec   .          Harm     .   (no cloak)
rCorr   .          Rampage  .   l - +2 pair of gloves
Will    .....                   (no boots)
Stlth   +.........              (no amulet)
HPRegen 0.11/turn               (no ring)
MPRegen 0.09/turn               (no ring)

@: paralysed, attractive, glowing
A: (nimble swimmer 2), mertail
a: Renounce Religion, Divine Shield


You were on level 3 of the Dungeon.
You worshipped the Shining One.
The Shining One was aware of your devotion.
You visited 1 branch of the dungeon, and saw 3 of its levels.

You collected 119 gold pieces.

Inventory:

Hand Weapons
 a - a +0 trident (weapon)
Missiles
 d - 3 throwing nets (quivered)
Armour
 b - a +0 leather armour (worn)
 c - a +0 helmet (worn)
 l - a +2 pair of gloves (worn)
 n - a +0 kite shield
Magical Staves
 e - a staff of cold
Scrolls
 f - a scroll of blinking {unknown}
 g - a scroll of enchant weapon {unknown}
 h - a scroll of immolation {unknown}
 k - a scroll of identify {unknown}
 m - a scroll of holy word {unknown}
Potions
 j - a potion of haste {unknown}
 o - a potion of brilliance {unknown}


   Skills:
 + Level 3.5 Fighting
 + Level 5.7 Polearms
 - Level 2.0 Throwing
 + Level 5.2 Dodging


You had 3 spell levels left.
You didn't know any spells.
Your spell library was empty.

Dungeon Overview and Level Annotations

Branches:
Dungeon (3/15)

Altars:
The Shining One

Annotations:
D:3 Grinder


Innate Abilities, Weirdness & Mutations

((You are very nimble when in or above water. (Stealth+, EV+, Speed+++)))
Your lower body shifts to a powerful aquatic tail in water.


Message History

Grinder is severely wounded.
Grinder blinks!
Grinder is attracted toward you. Grinder is attracted toward you.
You hit Grinder.
Grinder is almost dead.
Grinder misses you.
You hit Grinder but do no damage.
Grinder is almost dead.
Grinder hits you but does no damage.
You completely miss Grinder.
Grinder is severely wounded.
Grinder hits you.
* * * LOW HITPOINT WARNING * * *
You hit Grinder.
Grinder is almost dead.
Grinder completely misses you.
You barely miss Grinder.
Grinder is almost dead.
Grinder gestures at you.
You suddenly lose the ability to move!
Grinder hits you!
* * * LOW HITPOINT WARNING * * *
You writhe in agony.
* * * LOW HITPOINT WARNING * * *
You can move again.
You closely miss Grinder.
Grinder is almost dead.
Grinder closely misses you.
You hit Grinder but do no damage.
Grinder is almost dead.
Grinder closely misses you.
You barely miss Grinder.
Grinder is almost dead.
Grinder closely misses you.
You hit Grinder but do no damage.
Grinder is almost dead.
Grinder gestures at you.
You suddenly lose the ability to move!
Grinder hits you.
You die...

# .. # ...
# .... . #
..... ...#
####......
....
#.5'......
.. ...
#@##......
... #. #.#
.....
...<+. #.#
....
....## #.#
... ......
#.# ..
.#.... #.#
. ......
#.# #....
#.###
+....
#...#
#....


You could see Grinder.

Vanquished Creatures
  3 gnolls (D:3)
  2 adders
  4 dart slugs
  6 bats
  3 endoplasms
  4 giant cockroaches
  6 goblins
  4 hobgoblins (D:1)
  2 quokkas
  5 ball pythons
  6 frilled lizards
  3 kobolds (D:2)
  4 rats
52 creatures vanquished.

Notes
Turn   | Place    | Note
-------+----------+-------------------------------------------
     0 | D:1      | Qrupt the Merfolk Gladiator began the quest for the Orb.
     0 | D:1      | Reached XP level 1. HP: 16/16 MP: 1/1
   403 | D:1      | Reached XP level 2. HP: 13/23 MP: 2/2
  1184 | D:2      | Reached skill level 5 in Polearms
  1184 | D:2      | Reached XP level 3. HP: 25/28 MP: 3/3
  1456 | D:2      | Found a faded altar of an unknown god.
  1539 | D:2      | Prayed at the altar of an unknown god.
  1539 | D:2      | Became a worshipper of the Shining One
  1539 | D:2      | Reached * piety under the Shining One
  1825 | D:2      | Identified the +6 scimitar of Henasic {drain, *Corrode
                  | rElec rF+}
  2220 | D:3      | Reached XP level 4. HP: 35/35 MP: 4/4
  2293 | D:3      | Reached skill level 5 in Dodging
  2619 | D:3      | Noticed Grinder
  2622 | D:3      | Paralysed by Grinder for 6 turns
  2639 | D:3      | Paralysed by Grinder for 2 turns
  2640 | D:3      | HP: 1/35 [Grinder (1)]
  2644 | D:3      | Paralysed by Grinder for 4 turns
  2645 | D:3      | Slain by Grinder

Illustrated notes

Levels and vault maps discovered:
D:1:      tarquinn_simple_flora_water_a, layout_loops_cross,
          corexii_leaking_fountain
D:2:      layout_loops_corners, hellmonk_ecumenical_altar_run_dry
D:3:      layout_basic, grunt_temple_overflow_open, uniq_grinder

Skill      XL: |  1  2  3  4 |
---------------+-------------+-----
Polearms       | 5 |  5.7
Fighting       | 3 |  3.5
Dodging        | 5 |  5.2
Throwing       | |  2.0

Action                   |  1- 3 |  4- 6 || total
-------------------------+-------+-------++-------
Melee: Trident           |   122 |    52 ||   174
  Use: Potion            |       |     1 ||     1
 Stab: Sleeping          |     1 |       ||     1
Armor: Leather armour    |    23 |    18 ||    41
Dodge: Dodged            |    66 |    27 ||    93
